 Dungeon Crawl Stone Soup version 0.16.2-12-gd0ad4c3 (webtiles) character file.

4886 Gravoth the Zephyrmancer (level 10, -3/50 HPs)
             Began as a Tengu Air Elementalist on Oct 24, 2015.
             Was the Champion of Sif Muna.
             Slain by Peloso's ghost (14 damage)
             ... on level 9 of the Dungeon on Oct 25, 2015.
             The game lasted 01:32:46 (12196 turns).

Gravoth the Zephyrmancer (Tengu Air Elementalist)  Turns: 12196, Time: 01:32:46

Health: -3/50      AC: 14    Str:  9    XL:     10   Next: 50%
Magic:  7/24       EV: 13    Int: 17    God:    Sif Muna [******]
Gold:   603        SH:  0    Dex: 16    Spells: 5 memorised, 7 levels left

rFire  + . .     SeeInvis .     I - +3 flail (protect)
rCold  x . .     Clarity  .     F - +2 robe {MR+}
rNeg   . . .     SustAb   .     (no shield)
rPois  +         Gourm    .     (helmet restricted)
rElec  .         Spirit   .     i - +1 cloak
rCorr  .         Warding  .     p - +2 pair of gloves
rMut   .         Stasis   .     (boots unavailable)
MR     +....                    k - amulet of faith
Stlth  ++........               (no ring)
                                S - ring of fire

@: swift, very quick, somewhat resistant to hostile enchantments, unstealthy
A: able to fly, beak, talons 3, poison resistance
a: Fly, Channel Energy, Forget Spell, Renounce Religion


You were on level 9 of the Dungeon.
You worshipped Sif Muna.
Sif Muna was exalted by your worship.
You were hungry.

You visited 1 branch of the dungeon, and saw 9 of its levels.
You also visited: Ossuary.

You collected 603 gold pieces.

Inventory:

Hand weapons
 I - a +3 flail of protection (weapon)
Armour
 i - a +1 cloak (worn)
 p - a +2 pair of gloves (worn)
 C - a +0 troll leather armour
 F - a +2 robe of magic resistance (worn)
Jewellery
 k - an amulet of faith (around neck)
 S - a ring of fire (left hand)
Magical devices
 D - a wand of enslavement (24)
 O - a wand of draining (7)
Scrolls
 a - a scroll of enchant weapon
 e - 7 scrolls of identify
 h - 2 scrolls of magic mapping
 j - 2 scrolls of random uselessness
 o - 4 scrolls of remove curse
 r - a scroll of noise
 v - 2 scrolls of amnesia
 E - a scroll of immolation
 H - 4 scrolls of teleportation {unknown}
 M - a scroll of fog {unknown}
Potions
 g - 2 potions of might
 m - a potion of ambrosia
 n - 3 potions of brilliance
 q - 3 potions of curing
 t - a potion of mutation
 u - a potion of haste
 z - a potion of berserk rage
 A - a potion of heal wounds
 B - 2 potions of agility
 G - a potion of beneficial mutation {unknown}
 J - a potion of resistance {unknown}
 K - a potion of cancellation {unknown}
 L - 2 potions of flight {unknown}
Books
 b - a book of Air

   Spells                             Type                      Level
   a - Shock                          Conjuration/Air              1
   b - Swiftness                      Charms/Air                   2
   c - Repel Missiles                 Charms/Air                   2
   d - Flight                         Charms/Air                   3
   e - Static Discharge               Conjuration/Air              3
   f - Lightning Bolt                 Conjuration/Air              5
 P - Sif Muna's Grimoire of the Frostbite
   (Sif Muna gifted it to you on level 7 of the Dungeon)

   Spells                             Type                      Level
   a - Freeze                         Ice                          1
   b - Throw Frost                    Conjuration/Ice              2
   c - Summon Ice Beast               Ice/Summoning                4
   d - Ice Form                       Ice/Transmutation            4
 R - a book of the Tempests

   Spells                             Type                      Level
   a - Static Discharge               Conjuration/Air              3
   b - Lightning Bolt                 Conjuration/Air              5
   c - Fireball                       Conjuration/Fire             5
   d - Tornado                        Air                          9
   e - Shatter                        Earth                        9
Comestibles
 c - 7 bread rations
 d - 2 beef jerkies
 f - 5 chunks of flesh
 l - 12 slices of pizza
 w - a royal jelly
 x - 2 meat rations
 N - 8 fruits


   Skills:
 - Level 2.1 Dodging
 - Level 2.0 Stealth
 + Level 5.8 Spellcasting
 - Level 11.0 Conjurations
 - Level 2.1 Charms
 - Level 11.1 Air Magic
 - Level 6.2 Invocations


You had 7 spell levels left.
You knew the following spells:

 Your Spells              Type           Power        Failure   Level  Hunger
a - Shock                 Conj/Air       ####         1%          1    None
b - Swiftness             Chrm/Air       ####....     1%          2    None
c - Static Discharge      Conj/Air       #####...     1%          3    ##.....
d - Lightning Bolt        Conj/Air       #####.....   4%          5    #####..
e - Throw Frost           Conj/Ice       ##....       2%          2    None


Dungeon Overview and Level Annotations

Branches:
Dungeon (9/15)             Temple (0/1) D:5
   Lair: D:8-11         Orc: D:9-12

Altars:
Dithmenos
Elyvilon
Fedhas
Gozag
Qazlal
Sif Muna
Vehumet
Zin

Annotations:
D:9 Peloso's ghost, experienced MiFi


Innate Abilities, Weirdness & Mutations

You can fly.
You have a beak for a mouth.
You have claws for feet.
Your system is resistant to poisons.


Message History

Aim: Peloso's ghost, wielding a weapon of freezing (moderately damaged)
You hear a mighty clap of thunder!
The bolt of lightning hits Peloso's ghost.
Peloso's ghost appears unharmed.
Peloso's ghost is moderately damaged.
You hear a shout!
Peloso's ghost barely misses you.
Use which ability? (? or * to list)
You channel some magical energy.
You feel somewhat more hungry. Peloso's ghost hits you!
Peloso's ghost freezes you.
Casting: Lightning Bolt
Confirm with . or Enter, or press ? or * to list all spells.
You feel quick. Peloso's ghost hits you!
* * * LOW HITPOINT WARNING * * *
Peloso's ghost freezes you.
* * * LOW HITPOINT WARNING * * *
There is an escape hatch in the ceiling here.
You can't go down here!
Peloso's ghost hits you!
You die...

##.#.##.....#
#...#......#
##'##......#
#...#.## #...#..#
#.≈.#..# #.≈.#..#
#.≈.#..#########
#...#....W@....#
#...#..........#
##'##..........#
#...#......#####
#.#.##.....#...###
#.###.#.....#......
#. #.##............
.# ##.#....#####..
#. #.##...# ..#


You could see Peloso's ghost.

Vanquished Creatures
  A two-headed ogre (D:8)
  A troll (D:8)
  2 hippogriffs (D:8)
  Edmund (D:5)
  3 orc warriors (D:8)
  2 phantoms
  A black bear (D:7)
  3 ice beasts
  2 sky beasts (D:8)
  A centaur (D:7)
  A crocodile (D:7)
  3 ogres
  4 giant frogs
  Blork the orc (D:5)
  A jelly (D:6)
  6 killer bees (D:8)
  4 wights (D:6)
  2 crimson imps
  4 goliath beetles
  4 hounds
  7 orc priests
  2 gnoll shamans (D:3)
  8 orc wizards
  A centaur skeleton (D:6)
  A giant frog skeleton (D:6)
  2 iguanas
  2 worker ants
  8 mummies (Ossuary)
  8 adders
  51 gnolls
  2 shadow imps
  A giant mite (D:7)
  3 worms
  6 giant geckos
  32 orcs
  2 ball pythons
  A bat skeleton (D:4)
  6 giant cockroaches
  18 goblins
  10 hobgoblins
  17 jackals
  12 bats
  8 giant newts
  3 gnoll zombies (Ossuary)
  A jackal zombie (D:6)
  11 kobolds
  3 kobold zombies (Ossuary)
  2 orc zombies (Ossuary)
  8 quokkas
  18 rats
  8 ballistomycetes (D:7)
309 creatures vanquished.

Vanquished Creatures (others)
  An orc (D:7)
  A giant spore (D:7)
  A ballistomycete (D:7)
3 creatures vanquished.

Grand Total: 312 creatures vanquished

Notes
Turn   | Place    | Note
--------------------------------------------------------------
     0 | D:1      | Gravoth, the Tengu Air Elementalist, began the quest for the Orb.
     0 | D:1      | Reached XP level 1. HP: 10/10 MP: 3/3
   236 | D:1      | Reached XP level 2. HP: 12/15 MP: 0/6
   790 | D:1      | Reached XP level 3. HP: 19/19 MP: 6/8
  1148 | D:2      | Found a deep blue altar of Sif Muna.
  1157 | D:2      | Became a worshipper of Sif Muna the Loreminder
  1892 | D:3      | Reached skill level 5 in Air Magic
  1911 | D:2      | Reached XP level 4. HP: 17/24 MP: 1/10
  2177 | D:3      | Reached skill level 6 in Air Magic
  2312 | D:3      | Reached XP level 5. HP: 14/28 MP: 5/13
  2486 | D:3      | Acquired Sif Muna's first power
  3059 | D:3      | Noticed an ogre
  3087 | D:3      | Reached skill level 5 in Conjurations
  3087 | D:3      | Reached XP level 6. HP: 32/32 MP: 3/14
  3186 | D:3      | Killed an ogre
  3330 | D:3      | Acquired Sif Muna's second power
  3345 | D:3      | Reached skill level 7 in Conjurations
  3357 | D:3      | Learned a level 2 spell: Swiftness
  3365 | D:3      | Reached XP level 7. HP: 36/36 MP: 0/16
  3436 | D:3      | Reached skill level 1 in Charms
  4104 | D:3      | Reached skill level 8 in Conjurations
  4353 | D:3      | Noticed a giant frog
  4552 | D:4      | Found a sand-covered staircase.
  4559 | Ossuary  | Entered an ossuary
  4681 | Ossuary  | Reached skill level 9 in Conjurations
  4775 | Ossuary  | Learned a level 3 spell: Static Discharge
  4819 | Ossuary  | Reached XP level 8. HP: 41/41 MP: 11/18
  5506 | D:4      | Found a radiant altar of Vehumet.
  5506 | D:4      | Found a shadowy altar of Dithmenos.
  5513 | D:4      | Found a blossoming altar of Fedhas.
  5683 | D:5      | Entered Level 5 of the Dungeon
  5756 | D:5      | Noticed Blork the orc
  6140 | D:5      | Found a staircase to the Ecumenical Temple.
  6325 | D:5      | Killed Blork the orc
  6650 | D:5      | Acquired Sif Muna's third power
  6661 | D:5      | Noticed Edmund
  6672 | D:5      | Killed Edmund
  7316 | D:6      | Reached skill level 10 in Air Magic
  7676 | D:6      | Learned a level 5 spell: Lightning Bolt
  7708 | D:6      | Reached skill level 11 in Air Magic
  7708 | D:6      | Reached XP level 9. HP: 40/45 MP: 1/19
  8223 | D:6      | Reached skill level 10 in Conjurations
  9587 | D:7      | Received a gift from Sif Muna
  9590 | D:7      | Identified Sif Muna's Grimoire of the Frostbite (Sif Muna gifted it to you on level 7 of the Dungeon)
  9597 | D:7      | Learned a level 2 spell: Throw Frost
  9746 | D:7      | Reached skill level 5 in Spellcasting
  9880 | D:8      | Reached skill level 1 in Invocations
 10024 | D:8      | Found a glowing silver altar of Zin.
 10029 | D:8      | Noticed a gargoyle
 10417 | D:8      | Reached XP level 10. HP: 31/50 MP: 0/24
 10751 | D:8      | Found an opulent altar of Gozag.
 10751 | D:8      | Found a white marble altar of Elyvilon.
 10929 | D:8      | Reached skill level 5 in Invocations
 11400 | D:8      | Gained mutation: Your system is resistant to poisons. [potion of mutation]
 11400 | D:8      | Gained mutation: You are dopey. (Int -2) [potion of mutation]
 11400 | D:8      | Lost mutation: You are dopey. (Int -2) [potion of mutation]
 11761 | D:8      | Found a stormy altar of Qazlal.
 12179 | D:9      | Noticed Peloso's ghost (experienced MiFi)
 12196 | D:9      | Slain by Peloso's ghost

Action                   |  1- 3 |  4- 6 |  7- 9 | 10-12 || total
-------------------------+-------+-------+-------+-------++-------
Melee: Unarmed           |    33 |       |       |       ||    33
       Flail             |    12 |    27 |    34 |    16 ||    89
 Cast: Shock             |    69 |    98 |   513 |    85 ||   765
       Static Discharge  |       |       |    23 |    15 ||    38
       Lightning Bolt    |       |       |    11 |    10 ||    21
       Swiftness         |       |       |     3 |     1 ||     4
       Throw Frost       |       |       |     3 |    18 ||    21
Invok: Channel Energy    |       |       |     2 |     3 ||     5
 Abil: Fly               |       |     1 |       |       ||     1
  Use: Scroll            |     1 |       |     2 |    11 ||    14
       Potion            |       |       |       |    12 ||    12
 Stab: Distracted        |       |       |     1 |       ||     1
  Eat: Chunk             |     3 |     6 |    18 |     9 ||    36
       Royal jelly       |       |       |     1 |     1 ||     2
       Meat ration       |       |       |     1 |       ||     1
       Beef jerky        |       |       |     2 |       ||     2
